 Dungeon Crawl Stone Soup version 0.31-a0-851-g7ff8af7976 (webtiles) character file.

Game seed: 5876868890482954019

12 Kurtz the Sneak (level 2, -4/24 HPs)
             Began as a Mummy Delver on Oct 6, 2023.
             Slain by a scorpion (6 damage)
             ... on level 4 of the Dungeon.
             The game lasted 00:00:12 (66 turns).

Kurtz the Sneak (Mummy Delver)                        Turns: 66, Time: 00:00:14

Health: -4/24      AC:  3    Str: 15    XL:     2   Next: 20%
Magic:  2/2        EV: 11    Int:  9    God:
Gold:   0          SH:  0    Dex: 13    Spells: 1/1 levels left

rFire   x . .        a - +0 hand axe
rCold   + . .        (no shield)
rNeg    + + +        b - +0 leather armour
rPois   ∞            (no helmet)
rElec   .            (no cloak)
rCorr   .            (no gloves)
SInv    .            (no boots)
Will    .....        (no amulet)
Stlth   ++           (no ring)
HPRegen 0.24/turn    (no ring)
MPRegen 0.08/turn

%: faith
@: no status effects
A: cold resistance 1, negative energy resistance 3, torment resistance 2, heat
vulnerability 1, in touch with death 1, no potions, faith
a: no special abilities


You were on level 4 of the Dungeon.
You visited 1 branch of the dungeon, and saw 2 of its levels.

Inventory:

Hand Weapons
 a - a +0 hand axe (weapon)
Armour
 b - a +0 leather armour (worn)
Jewellery
 g - a ring of ice
Wands
 f - a wand of digging (3)
Scrolls
 c - a scroll of fog
 d - a scroll of revelation
 e - a scroll of fear


   Skills:
 - Level 3.0 Fighting
 * Level 2.4 Axes
 - Level 1.5 Dodging
 - Level 4.1 Stealth


You had one spell level left.
You didn't know any spells.
Your spell library was empty.

Dungeon Overview and Level Annotations

Branches:
Dungeon (5/15)
 Temple: D:4-7

Altars:


Innate Abilities, Weirdness & Mutations

You are immune to poison.
Your flesh is cold resistant. (rC+)
You are immune to negative energy. (rN+++)
You are immune to unholy pain and torment.
You are vulnerable to heat. (rF-)
You are in touch with the powers of death.
You do not drink.
You have a special connection with the divine. (Faith)


Message History

The adder is moderately wounded.
The adder bites you. The adder misses you.
You hit the adder.
The adder is almost dead.
The adder barely misses you. The adder bites you.
You closely miss the adder. Your punch misses the adder.
The adder is almost dead.
The adder bites you but does no damage.
You hit the adder.
You kill the adder!
Your Axes skill increases to level 2!
You have reached level 2!
You start resting.
HP restored.
You see here an adder corpse.
As you open the door, it creaks loudly!
An orc comes into view. It is wielding a +0 falchion.
The orc shouts!
An endoplasm comes into view.
The orc barely misses you.
There is an open door here.
The endoplasm quivers.
You slash the orc!
You kill the orc!
You closely miss the scorpion. You hit the endoplasm. The scorpion stings you.
The endoplasm freezes you.
You are frozen.
You resist.
The scorpion stings you but does no damage.
You hit the scorpion but do no damage. You hit the endoplasm but do no damage.
The endoplasm barely misses you. The scorpion barely misses you.
The endoplasm freezes you.
You are frozen.
You resist.
You hit the endoplasm.
You kill the endoplasm!
You hit the scorpion but do no damage. The scorpion stings you. x2
You barely miss the scorpion. The scorpion stings you!
* * * LOW HITPOINT WARNING * * *
You are too injured to fight recklessly!
You barely miss the scorpion. The scorpion stings you.
You die...

####
#...
#...####
+..)@s.#
#...##.#
#....
#.#
#....
#.#
#....
#.#
#....
#.#
#....
#.# ###
#....
#.##..+
#.#..#
..


You could see a scorpion.

Vanquished Creatures
  An adder (D:4)
  An orc (D:4)
  An endoplasm (D:4)
3 creatures vanquished.

Notes
Turn   | Place    | Note
-------+----------+-------------------------------------------
     0 | D:5      | Kurtz the Mummy Delver began the quest for the Orb.
     0 | D:5      | Reached XP level 1. HP: 18/18 MP: 1/1
     6 | D:5      | Noticed an iguana
    18 | D:4      | Noticed a scorpion
    27 | D:4      | Reached XP level 2. HP: 19/24 MP: 2/2
    65 | D:4      | HP: 1/24 [scorpion (7)]
    66 | D:4      | Slain by a scorpion

Illustrated notes

Levels and vault maps discovered:
D:4:      layout_basic, mainiacjoe_overflow_brackets, grunt_decor_one_mirror,
          chequers_serial_rivers_micro_e, minmay_statues_item,
          guppyfry_early_lair_pool, uniq_eustachio
D:5:      layout_gridville, minmay_manual_mail

Skill      XL: |  1 |
---------------+----+-----
Axes           | 2 |  2.4
Fighting       | |  3.0
Dodging        | |  1.5
Stealth        | |  4.1

Action                     || total
---------------------------++-------
  Melee: Hand axe          ||    12
 Armour: Leather armour    ||    12
  Dodge: Dodged            ||     7

Table legend: (Time is in decaauts)
 A = Elapsed time spent in this place.
 B = Non-inter-level travel time spent in this place.
 C = Inter-level travel time spent in this place.
 D = Time resting spent in this place.
 E = Time spent auto-exploring this place.
 F = Levels seen in this place.
 G = Mean time per level.
                   A        B        C        D        E       F      G
               +--------+--------+--------+--------+--------+-----+--------+
         Total |     68 |     68 |      0 |     20 |      0 |   2 |   34.0 |
       Dungeon |     68 |     68 |      0 |     20 |      0 |   2 |   34.0 |
               +--------+--------+--------+--------+--------+-----+--------+

Top non-repeatable levels by time:
     D:4: 50 daAuts
     D:5: 18 daAuts
